 Dungeon Crawl Stone Soup version 0.31-a0-263-ge8cad7f256 (webtiles) character file.

Game seed: 8836523126221845455

704 Newt the Skirmisher (level 7, -4/44 HPs)
             Began as a Kobold Hunter on July 14, 2023.
             Slain by a troll (12 damage)
             ... on level 5 of the Dungeon.
             The game lasted 00:04:52 (4762 turns).

Newt the Skirmisher (Kobold Hunter)                 Turns: 4762, Time: 00:04:53

Health: -4/44      AC:  5    Str: 14    XL:     7   Next: 99%
Magic:  7/7        EV: 16    Int: 11    God:
Gold:   78         SH:  0    Dex: 20    Spells: 6/6 levels left

rFire   . . .        a - +0 shortbow
rCold   + + .        (shield currently unavailable)
rNeg    . . .        v - +1 leather armour "Baptaudd" {rC++}
rPois   .            q - +0 helmet
rElec   .            (no cloak)
rCorr   .            (no gloves)
SInv    .            (no boots)
Will    +....        (no amulet)
Stlth   +++          k - +6 ring of strength
HPRegen 0.27/turn    o - ring of willpower
MPRegen 0.10/turn

%: no passive effects
@: no status effects
A: small, no large weapons, nightstalker 3
a: no special abilities


You were on level 5 of the Dungeon.
You visited 1 branch of the dungeon, and saw 5 of its levels.

You collected 225 gold pieces.
You spent 147 gold pieces at shops.

Inventory:

Hand Weapons
 a - a +0 shortbow (weapon)
Armour
 c - a +1 leather armour
 p - a +1 animal skin
 q - a +0 helmet (worn)
 v - the +1 leather armour "Baptaudd" (worn) {rC++}
   (You bought it in a shop on level 2 of the Dungeon)

   rC:        It greatly protects you from cold.
Jewellery
 i - a ring of ice
 k - a +6 ring of strength (left hand)
 o - a ring of willpower (right hand)
Wands
 m - a wand of acid (1)
Scrolls
 b - a scroll of butterflies
Potions
 d - a potion of resistance
 f - a potion of enlightenment {unknown}
 g - a potion of might {unknown}
 h - a potion of brilliance {unknown}
 j - a potion of haste {unknown}
 l - a potion of heal wounds
 n - a potion of mutation {unknown}
 r - 2 potions of magic {unknown}
 s - a potion of degeneration {unknown}


   Skills:
 - Level 5.0 Fighting
 - Level 10.0 Ranged Weapons
 + Level 4.1 Dodging
 - Level 1.3 Stealth


You had 6 spell levels left.
You didn't know any spells.
Your spell library was empty.

Dungeon Overview and Level Annotations

Branches:
Dungeon (5/15)
 Temple: D:4-7

Altars:
Gozag
Trog

Shops:
D:1 ?   D:2 [


Innate Abilities, Weirdness & Mutations

You are small and have problems with some larger weapons.
You are completely attuned to the shadows.


Message History

HP restored.
Found a robe.
Found a stone staircase leading up.
You see here a +0 flail of protection.
No target in view!
A troll comes into view.
A troll is nearby!
A troll is nearby!
You shoot an arrow. The troll shouts!
The arrow hits the troll.
The troll is lightly wounded.
You shoot an arrow. The arrow hits the troll.
The troll is lightly wounded.
You shoot an arrow. The arrow hits the troll!
The troll is moderately wounded.
Aiming: Corrosive Bolt
Press: ? - help, Shift-Dir - straight line, f/p - troll
Aim: a troll (moderately wounded, 71% to hit)
The bolt of acid misses the troll.
The troll bites you. The troll barely misses you. The troll claws you.
Unknown command.
Aiming: Corrosive Bolt
Press: ? - help, Shift-Dir - straight line, f/p - troll
Aim: a troll (moderately wounded, 71% to hit)
The bolt of acid hits the troll!
The troll is severely wounded.
The troll barely misses you. The troll closely misses you.
The troll misses you.
You shoot an arrow. The arrow hits the troll!
The troll is almost dead.
The troll completely misses you. The troll claws you! The troll claws you.
You shoot an arrow. The arrow hits the troll.
The troll is almost dead.
The troll bites you!
* * * LOW HITPOINT WARNING * * *
The troll claws you.
* * * LOW HITPOINT WARNING * * *
The troll claws you!
You die...

.._.............######....#..#
..##.......##...## ###....##
########...###...## ##...#.##
## #...# ##...# ##...###.###
.# ##..# ##..###..### ##..#
.## #.## ##.....## #..# ..###
#.# ####.....## ##.## #...##
##.###........## #.##
##...###.......T@##...## ##.#
##...#................####.##
##...........|........##.)#
#...........####........##
#........#### ##.^...<.##
#.........## ##.(###..#
#...#....(.### #..## ##.#####
..#####......#### #..# ##.#..#
.###(...#.......####..# #....#


You could see a troll.

Vanquished Creatures
  A water moccasin (D:5)
  A phantom (D:3)
  2 scorpions
  A howler monkey (D:5)
  A jelly (D:4)
  2 iguanas
  An orc wizard (D:4)
  Ijyb (D:3)
  Robin (D:3)
  10 gnolls
  3 adders
  2 worms (D:2)
  A dart slug (D:5)
  14 orcs
  5 endoplasms
  3 giant cockroaches
  9 goblins
  9 hobgoblins
  5 jackals
  4 quokkas
  3 ball pythons
  3 bats
  3 frilled lizards
  9 kobolds
  3 rats
97 creatures vanquished.

Notes
Turn   | Place    | Note
-------+----------+-------------------------------------------
     0 | D:1      | Newt the Kobold Hunter began the quest for the Orb.
     0 | D:1      | Reached XP level 1. HP: 12/12 MP: 1/1
   136 | D:1      | Reached XP level 2. HP: 18/18 MP: 2/2
   222 | D:1      | Found Quddan's Magic Scroll Shoppe.
   780 | D:2      | Reached XP level 3. HP: 23/23 MP: 3/3
   872 | D:2      | Reached XP level 4. HP: 19/30 MP: 4/4
  1067 | D:2      | Reached skill level 5 in Fighting
  1307 | D:2      | Found Fychioby's Antique Armour Emporium.
  1524 | D:3      | Noticed Ijyb
  1534 | D:3      | Killed Ijyb
  1535 | D:3      | Reached skill level 6 in Ranged Weapons
  1535 | D:3      | Reached XP level 5. HP: 24/35 MP: 5/5
  1856 | D:3      | Noticed a phantom
  1856 | D:3      | Noticed Robin
  1873 | D:3      | Killed Robin
  1893 | D:3      | Killed a phantom
  1894 | D:3      | Reached skill level 7 in Ranged Weapons
  1894 | D:3      | Reached XP level 6. HP: 35/40 MP: 6/6
  2185 | D:3      | Found an opulent altar of Gozag.
  2352 | D:3      | Reached skill level 8 in Ranged Weapons
  2865 | D:3      | Found a faded altar of an unknown god.
  2948 | D:2      | Bought a polished leather armour for 147 gold pieces
  2948 | D:2      | Identified the +1 leather armour "Baptaudd" {rC++} (You
                  | bought it in a shop on level 2 of the Dungeon)
  3089 | D:4      | Reached XP level 7. HP: 37/44 MP: 7/7
  3354 | D:4      | Reached skill level 9 in Ranged Weapons
  3764 | D:5      | Entered Level 5 of the Dungeon
  3949 | D:5      | Found a bloodstained altar of Trog.
  4235 | D:5      | Noticed a water moccasin
  4251 | D:5      | Killed a water moccasin
  4252 | D:5      | Reached skill level 10 in Ranged Weapons
  4755 | D:5      | Noticed a troll
  4762 | D:5      | Slain by a troll

Illustrated notes

Levels and vault maps discovered:
D:1:      minmay_arrival_three_doors, layout_basic, serial_shops,
          nicolae_shop_competitors_out_of_business
D:2:      layout_rooms, serial_shops, nicolae_shop_peninsula, minivault_5
D:3:      layout_rooms, grunt_gozag_statues, shapermc_ecumenical_altar_pompeii,
          nicolae_goblin_pals
D:4:      layout_loops_cross
D:5:      layout_layer_cave, overflow_temple_1_default, serial_glass,
          glass_columns_a, glass_columns_b

Skill      XL: |  1  2  3  4  5  6  7 |
---------------+----------------------+-----
Fighting       | 3 4 5 |  5.0
Ranged Weapons | 6 7 8 10 | 10.0
Dodging        | 4 |  4.1
Stealth        | |  1.3

Action                     |  1- 3 |  4- 6 |  7- 9 || total
---------------------------+-------+-------+-------++-------
   Fire: Shortbow          |    60 |   198 |    96 ||   354
  Evoke: Wand              |       |     1 |     4 ||     5
    Use: Scroll            |     1 |     7 |     3 ||    11
         Potion            |       |     2 |     2 ||     4
 Armour: Leather armour    |     1 |    19 |     6 ||    26
         Animal skin       |       |     6 |       ||     6
  Dodge: Dodged            |    11 |    94 |    47 ||   152

Table legend: (Time is in decaauts)
 A = Elapsed time spent in this place.
 B = Non-inter-level travel time spent in this place.
 C = Inter-level travel time spent in this place.
 D = Time resting spent in this place.
 E = Time spent auto-exploring this place.
 F = Levels seen in this place.
 G = Mean time per level.
                   A        B        C        D        E       F      G
               +--------+--------+--------+--------+--------+-----+--------+
         Total |   4785 |   4517 |    268 |    901 |   2937 |   5 |  957.0 |
       Dungeon |   4785 |   4517 |    268 |    901 |   2937 |   5 |  957.0 |
               +--------+--------+--------+--------+--------+-----+--------+

Top non-repeatable levels by time:
     D:3: 1477 daAuts
     D:5: 993 daAuts
     D:2: 841 daAuts
     D:4: 751 daAuts
     D:1: 721 daAuts
